 Dungeon Crawl Stone Soup version 0.15.0-23-gc2b521c (console) character file.

5999 gw the Basher (level 10, -10/82 HPs)
             Began as a Deep Dwarf Gladiator on Sept 8, 2014.
             Was an Elder of Makhleb.
             Killed from afar by a wretched star (23 damage)
             ... with an orb of energy
             ... on Level 1 of the Abyss.
             The game lasted 00:09:33 (7676 turns).

gw the Basher (Deep Dwarf Gladiator)                Turns: 7676, Time: 00:09:34

HP -10/82        AC 17     Str 17      XL: 10   Next: 55%
MP  16/16        EV  5     Int  9      God: Makhleb [****..]
Gold 0           SH  0     Dex 16      Spells:  0 memorised,  9 levels left

rFire  . . .     SeeInvis .     a - +0 morningstar
rCold  . . .     Rnd*Rage +     t - +0 plate armour
rNeg   . . .     rCorr    .     (no shield)
rPois  .         rRot     .     c - +0 helmet
rElec  .         Spirit   .     o - +0 cloak
SustAb .         Warding  .     (no gloves)
rMut   .         Stasis   .     q - +0 pair of boots
Gourm  .                        (no amulet)
MR     +....                    (no ring)
                                (no ring)

@: non-regenerating, somewhat resistant to hostile enchantments, extremely
unstealthy
A: damage resistance, recharge devices, berserk 1, blurry vision 1, frail 1,
sense surroundings 2, screaming 1, slow healing 3, weak 1
a: Device Recharging, Minor Destruction, Lesser Servant of Makhleb, Major
Destruction, Renounce Religion


You were on level 1 of the Abyss.
You worshipped Makhleb.
Makhleb was greatly pleased with you.
You were not hungry.

You visited 2 branches of the dungeon, and saw 10 of its levels.
You visited the Abyss 1 time.

Inventory:

Hand weapons
 a - a +0 morningstar (weapon)
 b - a +0 hand crossbow
Missiles
 d - 5 throwing nets
 r - 9 bolts
Armour
 c - a +0 helmet (worn)
 o - a +0 cloak (worn)
 q - a +0 pair of boots (worn)
 t - a +0 plate armour (worn)
Magical devices
 e - a wand of heal wounds (0)
 k - a wand of slowing (7) {unknown}
 p - a wand of digging (17)
 s - a wand of paralysis (11)
Comestibles
 f - 6 bread rations
 g - a beef jerky
 h - 8 slices of pizza
 i - 7 meat rations
 n - 3 chunks of crocodile flesh
 u - 12 fruits
Scrolls
 j - 6 scrolls of remove curse
 l - 7 scrolls of identify
Potions
 m - a potion of flight


   Skills:
 + Level 6.4 Fighting
 * Level 9.9 Maces & Flails
 + Level 6.4 Crossbows
 - Level 1.7 Throwing
 + Level 7.4 Armour
 - Level 3.2 Dodging
 + Level 8.1 Invocations


You had 9 spell levels left.
You didn't know any spells.

Dungeon Overview and Level Annotations

Branches:
Dungeon (9/15)             Temple (1/1) D:4            Lair (0/8) D:9
    Orc: D:9-12

Altars:
Ashenzari
Cheibriados
Dithmenos
Elyvilon
Fedhas
Kikubaaqudgha
Makhleb
Nemelex Xobeh
Okawaru
Qazlal
Sif Muna
Trog
Vehumet
Xom
Yredelemnul
Zin
The Shining One

Shops:
D:6 (   D:7 %   D:9 }


Innate Abilities, Weirdness & Mutations

You are resistant to damage.
You can recharge devices by infusing magical energy.
You passively map the area around you.
You do not heal naturally.
[You tend to lose your temper in combat.]
[Your vision is a little blurry.]
[You are frail (-10% HP).]
[You occasionally shout uncontrollably at your foes.]
[You are weak. (Str -2)]


Message History

Your white imp misses the wretched star.
ATTACK MOVE TO (1,-1)
Your plate armour prevents you from hitting the wretched star.
The wretched star is moderately damaged.
Your neqoxec hits the wretched star.
Your white imp hits the wretched star.
Your white imp freezes the wretched star.
The wretched star resists.
ATTACK MOVE TO (1,-1)
Your plate armour prevents you from hitting the wretched star.
The wretched star is moderately damaged.
The wretched star glows turbulently.
The orb of energy hits you!
The orb of energy explodes!
The mystic blast hits your white imp.
Your white imp dies!
The mystic blast hits your white imp.
Your white imp dies!
Your neqoxec hits the wretched star.
The wretched star glows turbulently.
The orb of energy hits you!
You die...

#.. .... .. ....
. .. #..# ..#
.##..##..# .
........ ...
..... . #.. #3*#
..#
..##..##g5##..##.
.................
.................
..##..##..##..##.
...##..##..# ..#
............ .. .
#...............
. ##..##..##..##
#. #..# ..#


You could see a wretched star, a friendly neqoxec and a friendly white imp.

Table legend:
 A = Turns spent in this place as a percentage of turns spent in the entire game.
 B = Non-inter-level travel turns spent in this place as a percentage of non-inter-level travel turns spent in the entire game.
 C = Inter-level travel turns spent in this place as a percentage of turns spent in this place.
 D = Turns resting spent in this place as a percentage of non-inter-level travel turns spent in this place.
 E = Turns spent auto-exploring this place as a percentage of non-inter-level travel turns spent in this place.
 F = Non-inter-level travel turns spent in this place divided by the number of levels of this place that you've seen.
                   A       B       C       D       E      F
               +-------+-------+-------+-------+-------+----------------------
         Total | 100.0 | 100.0 |   0.9 |   0.1 |  11.0 | 364.3
       Dungeon |  99.1 |  99.1 |   0.9 |   0.2 |  10.9 | 441.2
        Temple |   0.5 |   0.5 |   4.8 |   0.0 |  25.0 |  20.0
         Abyss |   0.4 |   0.4 |   0.0 |   0.0 |   6.2 |  16.0
               +-------+-------+-------+-------+-------+----------------------

Table legend:
 A = Kills in this place as a percentage of kills in entire the game.
 B = Kills by you in this place as a percentage of kills by you in the entire game.
 C = Kills by friends in this place as a percentage of kills by friends in the entire game.
 D = Other kills in this place as a percentage of other kills in the entire game.
 E = Experience gained in this place as a percentage of experience gained in the entire game.
 F = Experience gained in this place divided by the number of levels of this place that you have seen.
                   A       B       C       D       E      F
               +-------+-------+-------+-------+-------+----------------------
         Total | 100.0 | 100.0 | 100.0 |  -nan | 100.0 | 779.2
       Dungeon | 100.0 | 100.0 | 100.0 |  -nan | 100.0 | 952.3
               +-------+-------+-------+-------+-------+----------------------

Vanquished Creatures
  Pikel (D:8)
  An ugly thing (D:9)
  An elephant (D:9)
  Grinder (D:5)
  A deep elf mage (D:9)
  3 yaks (D:9)
  A steam dragon (D:8)
  A hippogriff (D:9)
  3 orc warriors
  A black bear (D:9)
  An ogre (D:6)
  An ice beast (D:7)
  2 sky beasts
  A centaur (D:7)
  2 crocodiles (D:9)
  2 slaves (D:8)
  Duvessa (D:8)
  3 giant frogs
  4 big kobolds (D:9)
  Blork the orc (D:8)
  2 scorpions
  2 killer bees (D:9)
  2 goliath beetles
  A giant frog zombie (D:9)
  3 crimson imps
  3 jellies
  5 hounds
  Crazy Yiuf (D:3)
  3 orc priests
  A giant frog skeleton (D:5)
  Natasha (D:3)
  6 orc wizards
  9 worker ants
  An iguana (D:3)
  2 sheep (D:9)
  4 gnolls (D:3)
  A shadow imp (D:9)
  8 adders
  A giant mite (D:1)
  A worm (D:4)
  An iguana zombie (D:7)
  2 giant geckos (D:1)
  27 orcs
  14 bats
  3 giant cockroaches
  7 hobgoblins
  3 jackals (D:1)
  22 kobolds
  3 quokkas (D:2)
  A ball python (D:7)
  A giant gecko skeleton (D:6)
  3 giant newts
  10 goblins
  A hobgoblin skeleton (D:8)
  2 hobgoblin zombies
  2 kobold skeletons
  A kobold zombie (D:6)
  16 rats
  2 ballistomycetes (D:8)
210 creatures vanquished.

Vanquished Creatures (collateral kills)
  A hydra (D:9)
  2 orc warriors (D:9)
  An ogre (D:8)
  A big kobold (D:8)
  2 killer bees (D:9)
  A goliath beetle (D:9)
  Dowan (D:8)
  An orc priest (D:8)
  An orc wizard (D:8)
  2 orcs
  5 kobolds (D:8)
  A giant gecko (D:8)
  A ballistomycete (D:8)
20 creatures vanquished.

Vanquished Creatures (others)
  2 smoke demons
  A ynoxinul (D:9)
  A human (D:3)
  An iron imp (D:9)
  2 white imps (Abyss:1)
  4 ufetubi (D:9)
  A giant spore (D:8)
12 creatures vanquished.

Grand Total: 242 creatures vanquished

Notes
Turn   | Place    | Note
--------------------------------------------------------------
     0 | D:1      | gw, the Deep Dwarf Gladiator, began the quest for the Orb.
     0 | D:1      | Reached XP level 1. HP: 19/19 MP: 1/1
     0 | D:1      | Noticed a formicid zombie
     0 | D:1      | Noticed a formicid zombie
     3 | D:1      | Noticed an elf zombie
     6 | D:1      | Noticed a spriggan zombie
    10 | D:1      | Noticed a troll zombie
    12 | D:1      | Noticed a draconian zombie
    12 | D:1      | Noticed a troll zombie
    14 | D:1      | Noticed an elf zombie
    16 | D:1      | Noticed a spriggan zombie
    16 | D:1      | Noticed a human zombie
    18 | D:1      | Noticed a spriggan zombie
    18 | D:1      | Noticed a merfolk zombie
    19 | D:1      | Noticed a draconian zombie
   156 | D:1      | Reached XP level 2. HP: 17/26 MP: 2/2
   538 | D:1      | Reached skill level 1 in Armour
   715 | D:1      | Reached XP level 3. HP: 17/32 MP: 3/3
   910 | D:2      | Reached skill level 4 in Maces & Flails
  1075 | D:2      | Reached XP level 4. HP: 29/39 MP: 4/4
  1807 | D:3      | Found an ancient bone altar of Kikubaaqudgha.
  1972 | D:3      | Reached XP level 5. HP: 27/46 MP: 5/5
  2138 | D:3      | Noticed Crazy Yiuf
  2144 | D:3      | HP: 2/48 [Crazy Yiuf/quarterstaff of chaos (5)]
  2149 | D:3      | Killed Crazy Yiuf
  2194 | D:3      | Noticed Natasha
  2328 | D:3      | Killed Natasha
  2328 | D:3      | Reached skill level 5 in Maces & Flails
  2395 | D:3      | Reached XP level 6. HP: 30/56 MP: 5/5
  2459 | D:3      | Noticed a human
  2460 | D:3      | Killed a human
  2768 | D:4      | Found a staircase to the Ecumenical Temple.
  2775 | Temple   | Entered the Ecumenical Temple
  2865 | Temple   | Became a worshipper of Makhleb the Destroyer
  3095 | D:4      | Reached skill level 1 in Invocations
  3463 | D:4      | Acquired Makhleb's first power
  3488 | D:5      | Entered Level 5 of the Dungeon
  3593 | D:5      | Reached XP level 7. HP: 28/62 MP: 7/7
  3707 | D:5      | Found a stormy altar of Qazlal.
  3723 | D:5      | Noticed Grinder
  3821 | D:5      | Reached skill level 6 in Maces & Flails
  3821 | D:5      | Reached skill level 1 in Crossbows
  4064 | D:5      | Acquired Makhleb's second power
  4124 | D:5      | Killed Grinder
  4124 | D:5      | Reached XP level 8. HP: 50/73 MP: 8/10
  4350 | D:5      | Reached skill level 5 in Armour
  4633 | D:6      | Reached skill level 7 in Maces & Flails
  4917 | D:6      | Found a glowing golden altar of the Shining One.
  5046 | D:6      | Found Nepyxyud's Antique Weapon Shoppe.
  5220 | D:7      | Found Twi Noudix's Food Boutique.
  5299 | D:7      | Reached skill level 5 in Fighting
  5302 | D:7      | Reached skill level 5 in Invocations
  5305 | D:7      | Acquired Makhleb's third power
  5506 | D:7      | Gained mutation: You passively map the area around you. [level up]
  5506 | D:7      | Reached XP level 9. HP: 48/81 MP: 13/13
  5856 | D:7      | Identified a scroll of acquirement
  5877 | D:8      | Noticed Duvessa
  5877 | D:8      | Noticed Dowan
  5882 | D:8      | Killed Dowan
  5883 | D:8      | Killed Duvessa
  6030 | D:8      | Noticed Blork the orc
  6038 | D:8      | Killed Blork the orc
  6134 | D:8      | Reached skill level 8 in Maces & Flails
  6263 | D:8      | Noticed Pikel
  6280 | D:8      | Killed Pikel
  6622 | D:9      | Reached skill level 5 in Crossbows
  6808 | D:9      | Acquired Makhleb's fourth power
  6846 | D:9      | Found Zeacroih's Gadget Boutique.
  7015 | D:9      | Reached skill level 9 in Maces & Flails
  7029 | D:9      | Reached XP level 10. HP: 45/91 MP: 16/16
  7070 | D:9      | Noticed a three-headed hydra
  7079 | D:9      | Killed a three-headed hydra
  7411 | D:9      | Noticed a green ugly thing
  7426 | D:9      | Killed a green ugly thing
  7505 | D:9      | Found a staircase to the Lair.
  7505 | D:9      | Noticed an elephant
  7519 | D:9      | Killed an elephant
  7660 | D:9      | Cast into the Abyss (orc warrior)
  7660 | Abyss:1  | Found a shimmering altar of Xom.
  7664 | Abyss:1  | Noticed a wretched star
  7676 | Abyss:1  | Killed from afar by a wretched star

Action                   |  1- 3 |  4- 6 |  7- 9 | 10-12 || total
-------------------------+-------+-------+-------+-------++-------
Melee: Flail             |   149 |   138 |       |       ||   287
       Morningstar       |       |   103 |   405 |   106 ||   614
 Fire: Hand crossbow     |       |       |    57 |    21 ||    78
Invok: Minor Destruction |       |       |    79 |     1 ||    80
       Lesser Servant of |       |       |     5 |     4 ||     9
 Abil: Device Recharging |       |     2 |     2 |     1 ||     5
Evoke: Wand              |     2 |     8 |    17 |     7 ||    34
  Use: Scroll            |       |     9 |     7 |       ||    16
       Potion            |       |     5 |     3 |     1 ||     9
 Stab: Distracted        |       |       |     1 |     2 ||     3
  Eat: Chunk             |     1 |     8 |    16 |     2 ||    27

Vault maps used:
D:1:      shiori_arrival_whats_in_store_for_you
D:2:      grunt_ministairs_9
D:3:      hex_intersection, tgw_kikubaaqudgha, uniq_natasha,
          uniq_crazy_yiuf_cottage
D:4:      minmay_temple_entry_hall, first_bread, serial_bayou_crossing
D:5:      nicolae_qazlal_general_emergency, uniq_grinder
D:6:      serial_shops, nicolae_shop_behind_doors, basic_altar
D:7:      serial_shops, shop_statue
D:8:      uniq_pikel, uniq_duvessa, uniq_blork_the_orc
D:9:      david_lair_generic, special_room, serial_shops, shop, hangedman_ranch
Temple:   kilobyte_greek_temple_18
